 Dungeon Crawl Stone Soup version 0.21.1-1-g345015f (webtiles) character file.

408 vatarom the Ruffian (level 6, -12/51 HPs)
             Began as a Ghoul Monk on May 8, 2018.
             Mangled by Duvessa
             ... wielding a +0 rapier
              (16 damage)
             ... on level 4 of the Dungeon.
             The game lasted 00:06:56 (4009 turns).

vatarom the Ruffian (Ghoul Monk)                    Turns: 4009, Time: 00:06:56

Health: -12/51     AC:  2    Str: 15    XL:     6   Next: 88%
Magic:  5/5        EV: 14    Int:  6    God:
Gold:   118        SH:  0    Dex: 12    Spells: 5/5 levels left

rFire    . . .     SeeInvis .     - Unarmed
rCold    + . .     Gourm    .   (no shield)
rNeg     + + +     Faith    .   a - +0 robe
rPois    ∞         Spirit   .   (no helmet)
rElec    .         Reflect  .   (no cloak)
rCorr    .         Harm     .   (no gloves)
MR       .....                  (no boots)
Stlth    ++........             (no amulet)
HPRegen  0.00/turn              (no ring)
MPRegen  0.09/turn              (no ring)

@: rotting
A: rotting body, claws 1, carnivore, cold resistance 1, negative energy
resistance 3, inhibited regeneration, torment resistance, unbreathing
a: no special abilities


You were on level 4 of the Dungeon.
You were not hungry.

You visited 1 branch of the dungeon, and saw 4 of its levels.

You collected 118 gold pieces.

Inventory:

Missiles
 n - 3 poisoned javelins (quivered)
Armour
 a - a +0 robe (worn)
Scrolls
 d - a scroll of magic mapping {unknown}
 e - a scroll of blinking {unknown}
 f - 2 scrolls of teleportation {unknown}
 g - a scroll of remove curse {unknown}
 h - 3 scrolls of identify
 k - a scroll of noise {unknown}
 m - 2 scrolls of random uselessness
Potions
 c - a potion of curing
 i - a potion of berserk rage
Comestibles
 b - 4 rations
 j - 2 chunks of flesh


   Skills:
 - Level 3.2 Fighting
 + Level 4.4 Dodging
 - Level 3.6 Stealth
 * Level 6.4 Unarmed Combat


You had 5 spell levels left.
You didn't know any spells.

Dungeon Overview and Level Annotations

Branches:
Dungeon (4/15)
 Temple: D:4-7

Altars:

Annotations:
D:4 Dowan, Duvessa


Innate Abilities, Weirdness & Mutations

Your body is rotting away.
You thrive on raw meat.
You are immune to poison.
You have sharp fingernails.
You are carnivorous and can eat meat at any time.
Your flesh is cold resistant. (rC+)
You are immune to negative energy. (rN+++)
You do not regenerate when monsters are visible.
You are immune to unholy pain and torment.
You can survive without breathing.


Message History

Aim: Duvessa, wielding a rapier and wearing a chain mail (lightly wounded, unusually strong, poisoned)
You throw a poisoned javelin.
The poisoned javelin barely misses Duvessa.
The poisoned javelin closely misses Dowan.
Duvessa hits you with a rapier!
* * * LOW HITPOINT WARNING * * *
A frilled lizard comes into view.
Found a stone staircase leading up.
There is a stone staircase leading down here.
Dowan points at Duvessa and mumbles some strange words.
Duvessa seems to speed up.
Duvessa hits you with a rapier!
* * * LOW HITPOINT WARNING * * *
Duvessa looks more healthy.
Dowan gestures wildly while chanting.
Dowan blinks!
Duvessa hits you but does no damage.
Unknown command.
Duvessa hits you with a rapier!
You die...

........######
#...........#
#######.....#
.#######.....# ....
.............#
.<..#########..[).#
#.... #[.<..#
.###....########.....#
......(..##...e@.#####
................###
....[............#######
##....................>#
....#.....>............#
#.....................#
# .##..>...#...........#
...####.....e..##......#
.....(.........##......#


You could see Duvessa and Dowan.

Vanquished Creatures
  An ogre (D:3)
  A scorpion (D:4)
  2 orc priests (D:3)
  An orc wizard (D:3)
  3 adders
  6 gnolls
  3 dart slugs
  4 leopard geckos
  8 orcs
  2 ball pythons
  7 bats
  8 giant cockroaches
  6 goblins
  7 hobgoblins
  7 jackals
  2 quokkas (D:3)
  6 frilled lizards
  8 kobolds
  5 rats
87 creatures vanquished.

Notes
Turn   | Place    | Note
-------+----------+-------------------------------------------
     0 | D:1      | vatarom the Ghoul Monk began the quest for the Orb.
     0 | D:1      | Reached XP level 1. HP: 19/19 MP: 0/0
   231 | D:1      | Reached XP level 2. HP: 26/26 MP: 1/1
   642 | D:1      | Reached XP level 3. HP: 30/31 MP: 2/2
  1158 | D:2      | Reached skill level 4 in Unarmed Combat
  1159 | D:2      | Reached XP level 4. HP: 16/38 MP: 3/3
  2379 | D:3      | Reached XP level 5. HP: 14/45 MP: 4/4
  2413 | D:3      | HP: 1/45 [gnoll/halberd (13)]
  2983 | D:3      | Reached skill level 5 in Unarmed Combat
  3485 | D:4      | Noticed an ogre
  3641 | D:3      | Reached XP level 6. HP: 34/51 MP: 5/5
  3738 | D:3      | Reached skill level 6 in Unarmed Combat
  3979 | D:4      | Noticed Duvessa
  3989 | D:4      | Noticed Dowan
  4009 | D:4      | Mangled by Duvessa

Skill      XL: |  1  2  3  4  5  6 |
---------------+-------------------+-----
Dodging        | 3 4 |  4.4
Stealth        | 3 |  3.6
Unarmed Combat | 4 5 6 |  6.4
Fighting       | |  3.2

Action                   |  1- 3 |  4- 6 || total
-------------------------+-------+-------++-------
Melee: Unarmed           |    87 |   158 ||   245
       Punch             |     1 |     2 ||     3
Throw: Javelin           |       |    24 ||    24
  Use: Potion            |     3 |     4 ||     7
       Scroll            |       |     3 ||     3
 Stab: Sleeping          |     5 |     6 ||    11
  Eat: Chunk             |     4 |    12 ||    16
Armor: Robe              |    12 |    26 ||    38
Dodge: Dodged            |    59 |   136 ||   195
